 Dungeon Crawl Stone Soup version 0.27.1-1-g398f81649c (webtiles) character file.

Game seed: 7820247614199219944

222 acemry the Changer (level 5, 0/33 HPs)
             Began as an Octopode Transmuter on Sept 5, 2021.
             Slain by an ufetubus (5 damage)
             ... summoned by Eustachio
             ... on level 4 of the Dungeon.
             The game lasted 00:07:03 (4471 turns).

acemry the Changer (Octopode Transmuter)            Turns: 4471, Time: 00:07:04

Health: 0/33       AC:  1    Str:  9    XL:     5   Next: 99%
Magic:  8/8        EV: 13    Int: 17    God:
Gold:   152        SH:  5    Dex: 12    Spells: 4/8 levels left

rFire    . . .     SeeInvis .   g - +0 short sword (speed)
rCold    + . .     Faith    .   (no shield)
rNeg     . . .     Spirit   .   (helmet currently unavailable)
rPois    +         Reflect  +   d - amulet of reflection
rElec    .         Harm     .   k - ring of protection from cold
rCorr    .         Rampage  .   m - ring of poison resistance
Will     .....                  (no ring)
Stlth    ++........             (no ring)
HPRegen  0.11/turn              (no ring)
MPRegen  0.11/turn              (no ring)
                                (no ring)
                                (no ring)

@: brilliant, appendages
A: tentacle spike 3, almost no armour, amphibious, 8 rings, camouflage 1,
gelatinous body 1, (nimble swimmer 1), tentacles
a: End Transformation


You were on level 4 of the Dungeon.
One of your tentacles had grown a beastly spike.
You visited 1 branch of the dungeon, and saw 4 of its levels.

You collected 152 gold pieces.

Inventory:

Hand Weapons
 e - a +0 dagger
 g - a +0 short sword of speed (weapon)
Missiles
 c - 4 poisoned darts
Jewellery
 d - an amulet of reflection (around mantle)
 k - a ring of protection from cold (left tentacle)
 m - a ring of poison resistance (right tentacle)
Scrolls
 a - 2 scrolls of identify
 h - 2 scrolls of enchant armour
 i - 5 scrolls of fog
 l - a scroll of torment {unknown}
Potions
 b - 3 potions of curing
 f - 2 potions of flight


   Skills:
 - Level 1.0 Fighting
 - Level 2.0 Dodging
 + Level 0.4 Shields
 - Level 3.0 Unarmed Combat
 - Level 2.0 Spellcasting
 * Level 6.0 Transmutations


You had 4 spell levels left.
You knew the following spells:

 Your Spells              Type           Power      Damage    Failure   Level
a - Beastly Appendage     Tmut           66%        N/A       1%          1
b - Spider Form           Tmut/Pois      8%         N/A       17%         3

Your spell library contained the following spells:

 Spells                   Type           Power      Damage    Failure   Level
 Wereblood                Tmut           33%        N/A       2%          2
 Dazzling Flash           Conj/Hex       4%         N/A       50%         3
 Ice Form                 Ice/Tmut       17%        N/A       50%         4
 Agony                    Necr           2%         N/A       99%         5
 Silence                  Hex/Air        1%         N/A       99%         5


Dungeon Overview and Level Annotations

Branches:
Dungeon (4/15)
 Temple: D:4-7

Altars:

Annotations:
D:4 Eustachio


Innate Abilities, Weirdness & Mutations

One of your tentacles has grown a beastly spike.
You cannot wear most types of armour.
You are amphibious.
You can wear up to eight rings at the same time.
Your skin changes colour to match your surroundings (Stealth+).
Your rubbery body absorbs attacks. (AC +1, EV +1)
((You are camouflaged near water. (Stealth+)))
You have tentacles for arms and can constrict up to eight enemies at once.


Message History

You constrict the crimson imp. The ufetubus barely misses you.
You block the ufetubus's attack. The crimson imp hits you.
You hit the crimson imp but do no damage.
You squeeze the crimson imp, but do no damage.
The crimson imp is heavily wounded.
You constrict the crimson imp. You block the ufetubus's attack.
The ufetubus barely misses you.
You barely miss the crimson imp.
You pierce the crimson imp, but do no damage.
The crimson imp is severely wounded.
You constrict the crimson imp, but do no damage.
You block the ufetubus's attack. The ufetubus hits you.
Eustachio growls, "To hell with you, honourless miscreant!"
The crimson imp hits you.
You are too injured to fight recklessly!
You are too injured to fight recklessly!
It was a potion of brilliance.
You feel clever all of a sudden.
You constrict the crimson imp. The ufetubus barely misses you.
The ufetubus closely misses you.
The crimson imp blinks free!
The ufetubus misses you. The ufetubus closely misses you.
Eustachio casts a spell.
The crimson imp shouts, "Give up, thou quaking mumble-news measle!"
The ufetubus completely misses you. The ufetubus hits you.
Items here: ))) [[ †.
You hit Eustachio. Your grab misses Eustachio.
Eustachio is moderately wounded.
You block Eustachio's attack.
The crimson imp blinks!
You block the ufetubus's attack. The ufetubus barely misses you.
The ufetubus hits you.
* * * LOW HITPOINT WARNING * * *
You block the ufetubus's attack.
You hit Eustachio but do no damage. You grab Eustachio. You squeeze Eustachio.
Eustachio is heavily wounded.
You constrict Eustachio.
The ufetubus hits you but does no damage.
The ufetubus hits you.
* * * LOW HITPOINT WARNING * * *
The ufetubus hits you.
You die...

#.....# #.....# ..... ...
#.# ####.### #......# #.#
#5####.# #
....o###@####.# .#
....5..5@5#...# ####.###
#.#.?###5.#.#.####.......
#.. #..#.#.........##. .
.........###.#####.
###.#.#### #.##.... ..#.#
#.##.##. ####.# #.##....
.. #.......


You could see Eustachio, an iron imp (summoned), a crimson imp (summoned,
expiring), a white imp (summoned) and 2 ufetubi.

Vanquished Creatures
  A water moccasin skeleton (D:4)
  A bullfrog skeleton (D:3)
  7 adders
  An adder skeleton (D:4)
  A worm (D:3)
  A dart slug (D:3)
  4 orcs
  3 ball pythons
  3 endoplasms
  5 giant cockroaches
  9 goblins
  6 hobgoblins
  6 quokkas
  6 bats
  5 frilled lizards
  7 kobolds
  7 rats
73 creatures vanquished.

Notes
Turn   | Place    | Note
-------+----------+-------------------------------------------
     0 | D:1      | acemry the Octopode Transmuter began the quest for the Orb.
     0 | D:1      | Reached XP level 1. HP: 13/13 MP: 3/3
    60 | D:1      | Reached XP level 2. HP: 14/18 MP: 3/5
   469 | D:1      | Reached skill level 3 in Transmutations
  1238 | D:2      | Reached XP level 3. HP: 13/23 MP: 4/6
  1878 | D:2      | Reached skill level 4 in Transmutations
  1982 | D:2      | Reached XP level 4. HP: 28/28 MP: 5/7
  2516 | D:3      | Learned a level 3 spell: Spider Form
  2992 | D:3      | Found a faded altar of an unknown god.
  3292 | D:3      | Reached skill level 5 in Transmutations
  3292 | D:3      | Reached XP level 5. HP: 29/33 MP: 6/8
  4397 | D:4      | Reached skill level 6 in Transmutations
  4455 | D:4      | Noticed Eustachio
  4471 | D:4      | Slain by an ufetubus

Illustrated notes

Levels and vault maps discovered:
D:1:      eino_arrival_water_cross, layout_loops_ring, serial_forest,
          infiniplex_forest_clump_cross, infiniplex_forest_lined_room_3,
          infiniplex_forest_end_1, infiniplex_forest_lined_corner,
          infiniplex_forest_lined_room_2, infiniplex_forest_straight_4,
          infiniplex_forest_clump_double, minmay_misc_feat_ornament,
          minmay_misc_feat_room
D:2:      wander_river, layout_rooms, minmay_quadrilaterals
D:3:      wad_river_or_something, layout_basic, ebering_ecumenical_altar_webs,
          hangedman_decor_growths, kennysheep_another_room,
          minmay_stone_trees_medium
D:4:      layout_loops_cross, uniq_eustachio, uniq_edmund

Skill      XL: |  1  2  3  4  5 |
---------------+----------------+-----
Transmutations | 3 4 5 6 |  6.0
Fighting       | |  1.0
Dodging        | |  2.0
Shields        | |  0.4
Unarmed Combat | |  3.0
Spellcasting   | |  2.0

Action                   |  1- 3 |  4- 6 || total
-------------------------+-------+-------++-------
Melee: Unarmed           |    42 |       ||    42
       Constrict         |    23 |    30 ||    53
       Tentacles         |    12 |    19 ||    31
       Punch             |     3 |     4 ||     7
       Dagger            |    19 |       ||    19
       Kick              |    14 |    30 ||    44
       Short sword       |    30 |   122 ||   152
Throw: Dart              |       |     1 ||     1
 Cast: Beastly Appendage |    25 |    34 ||    59
  Use: Scroll            |     3 |     4 ||     7
       Potion            |       |     1 ||     1
 Stab: Sleeping          |     3 |     5 ||     8
Armor: Skin              |    16 |    10 ||    26
Dodge: Dodged            |    58 |    64 ||   122
Block: Other             |    17 |    31 ||    48
